 Dungeon Crawl Stone Soup version 0.23-a0-639-ga9a3373214 (webtiles) character file.

236882 HereIgoKillingAgain the Ninja (level 18, 0/88 HPs)
             Began as a Spriggan Assassin on Dec 28, 2018.
             Was the Champion of Dithmenos.
             Slain by Polyphemus (38 damage)
             ... on level 4 of the Shoals on Dec 29, 2018.
             The game lasted 02:19:38 (39993 turns).

HereIgoKillingAgain the Ninja (Spriggan Assassin)  Turns: 39993, Time: 02:19:38

Health: 0/88       AC: 11    Str: 18    XL:     18   Next: 51%
Magic:  30/33      EV: 25    Int: 14    God:    Dithmenos [******]
Gold:   332        SH: 11    Dex: 22    Spells: 36/45 levels left

rFire    + + +     SeeInvis +   a - +1 dagger (elec)
rCold    + . .     Gourm    .   m - +2 buckler {rC+}
rNeg     + . .     Faith    .   c - +2 fire dragon scales
rPois    .         Spirit   .   (helmet restricted)
rElec    .         Reflect  .   I - scarf {rC+ rF+}
rCorr    .         Harm     .   (gloves unavailable)
MR       +++..                  (boots unavailable)
Stlth    ++++++++++             P - amulet of regeneration
HPRegen  0.64/turn              T - ring "Raen" {Wiz rN+ Str+6 Dex+3}
MPRegen  0.23/turn              B - ring of flight

@: flying, very slightly contaminated, wreathed by umbra, studying Staves,
invisible, very quick
A: very small, unfitting armour, see invisible, herbivore, speed 3, low mp 1,
slow metabolism 2
}: 2/15 runes: barnacled, gossamer
a: Shadow Step, Shadow Form, Renounce Religion, Stop Flying


You were on level 4 of the Shoals.
You worshipped Dithmenos.
Dithmenos was exalted by your worship.
You were not hungry.

You visited 6 branches of the dungeon, and saw 32 of its levels.
You also visited: Ice Cave.

You collected 2955 gold pieces.
You spent 2623 gold pieces at shops.

Inventory:

Hand Weapons
 a - a +1 dagger of electrocution (weapon)
 b - the +8 whip "Snakebite" {curare, rPois}
   (You found it in an ice cave)

   It poisons the flesh of those it strikes.
   It protects you from poison.
Missiles
 p - a throwing net (quivered)
Armour
 c - +2 fire dragon scales (worn)
 d - a +0 cloak
 m - a +2 buckler of cold resistance (worn)
 I - a scarf of resistance (worn)
Jewellery
 f - an uncursed ring of positive energy
 B - a ring of flight (right hand)
 E - an uncursed ring of protection from magic
 L - a +4 ring of dexterity {unknown}
 P - an amulet of regeneration (around neck)
 T - the ring "Raen" (left hand) {Wiz rN+ Str+6 Dex+3}
   (You found it on level 12 of the Dungeon)

   [ring of wizardry]

   It improves your spell success rate.
   It affects your strength (+6).
   It affects your dexterity (+3).
   It protects you from negative energy.
Wands
 h - a wand of disintegration (1)
 i - a wand of iceblast (14)
 K - a wand of digging (2)
 R - a wand of enslavement (10)
Scrolls
 e - a scroll of blinking
 j - 13 scrolls of remove curse
 l - 4 scrolls of amnesia
 q - 5 scrolls of magic mapping
 r - 3 scrolls of teleportation
 u - a scroll of vulnerability
 x - 2 scrolls of immolation
 y - 10 scrolls of enchant weapon
 D - 7 scrolls of fog
 F - 3 scrolls of holy word
 M - 2 scrolls of fear
 Q - a scroll of brand weapon
 Z - 4 scrolls of identify
Potions
 k - 5 potions of agility
 n - 4 potions of ambrosia
 o - a potion of invisibility
 s - 2 potions of cancellation
 t - 11 potions of curing
 v - 5 potions of magic
 A - 3 potions of mutation
 C - a potion of resistance
 G - a potion of heal wounds
 H - 6 potions of haste
 N - 3 potions of flight
 U - a potion of might
Books
 z - a manual of Staves
Miscellaneous
 w - a fan of gales
 J - a lightning rod (4/4)
 S - a phial of floods
Comestibles
 g - 40 rations


   Skills:
 + Level 7.4 Fighting
 - Level 10.3 Short Blades
 - Level 2.0 Throwing
 - Level 4.0 Armour
 + Level 12.3 Dodging
 O Level 27 Stealth
 - Level 8.1 Shields
 - Level 14.3 Spellcasting
 - Level 14.3 Hexes
 + Level 13.6 Evocations


You had 36 spell levels left.
You knew the following spells:

 Your Spells              Type           Power        Failure   Level  Hunger
a - Invisibility          Hex            ######..     4%          6    ######.
b - Dazzling Spray        Conj/Hex       ####..       1%          3    None

Your spell library contained the following spells:

 Spells                   Type           Power        Failure   Level  Hunger
 Confusing Touch          Hex            ######       1%          1    None
 Slow                     Hex            ######..     1%          2    None
 Tukima's Dance           Hex            ######..     1%          3    None
 Fulminant Prism          Conj/Hex       ####......   6%          4    ##.....
 Animate Skeleton         Necr           N/A          11%         1    None
 Apportation              Tloc           ##....       11%         1    None
 Beastly Appendage        Tmut           ##....       11%         1    None
 Magic Dart               Conj           ##..         11%         1    None
 Pain                     Necr           ##..         11%         1    None
 Summon Butterflies       Summ           ##......     11%         1    None
 Summon Small Mammal      Summ           ##..         11%         1    None
 Blink                    Tloc           N/A          16%         2    None
 Call Imp                 Summ           ##......     16%         2    None
 Poisonous Vapours        Pois/Air       ##....       16%         2    None
 Searing Ray              Conj           ##....       16%         2    None
 Sticks to Snakes         Tmut           ##......     16%         2    None
 Conjure Flame            Conj/Fire      ##......     30%         3    None
 Ignite Poison            Fire/Tmut/Pois ##......     30%         3    None
 Lesser Beckoning         Tloc           ##........   30%         3    None
 Mephitic Cloud           Conj/Pois/Air  ##......     30%         3    None
 Regeneration             Chrm/Necr      ##........   30%         3    None
 Spider Form              Tmut/Pois      ##........   30%         3    None
 Vampiric Draining        Necr           ##........   30%         3    None
 Animate Dead             Necr           N/A          67%         4    ##.....
 Force Lance              Conj/Tloc      ##......     67%         4    ##.....
 Ice Form                 Ice/Tmut       ##......     67%         4    ##.....
 Iskenderun's Mystic Bla  Conj           ##......     67%         4    ##.....
 Alistair's Intoxication  Tmut/Pois      ##......     94%         5    ####...
 Blade Hands              Tmut           ##........   94%         5    ####...
 Fireball                 Conj/Fire      ##........   94%         5    ####...
 Bolt of Fire             Conj/Fire      ##........   100%        6    ######.
 Conjure Ball Lightning   Conj/Air       ##........   100%        6    ######.
 Ring of Flames           Chrm/Fire      ##........   100%        7    #######
 Ignition                 Fire           ##........   100%        8    #######


Dungeon Overview and Level Annotations

Branches:
Dungeon (15/15)            Temple (1/1) D:5            Lair (6/6) D:10
 Shoals (4/4) Lair:3       Spider (4/4) Lair:2        Slime (0/5) Lair:6
    Orc (2/2) D:11            Elf (0/3) Orc:2        Vaults (0/5) D:14
 Depths (0/5) D:15

Altars:
Ashenzari
Cheibriados
Dithmenos
Elyvilon
Fedhas
Gozag
Hepliaklqana
Kikubaaqudgha
Makhleb
Nemelex Xobeh
Okawaru
Qazlal
Ru
Sif Muna
Trog
Uskayaw
Vehumet
Wu Jian
Xom
Yredelemnul
Zin
The Shining One
Beogh
Jiyva

Shops:
D:5 %   D:8 [*!   D:10 *   D:12 ?   D:14 %   Orc:2 ?=?!   Shoals:2 :

Portals:
Trove: D:12 (give +5 demon blade)

Annotations:
D:4 1 runed door, lis82's ghost, novice GrFi
D:9 1 exclusion
D:15 1 exclusion
Lair:4 exclusion: 4 oklob plants
Lair:6 1 runed door
Shoals:3 Roxanne
Shoals:4 Polyphemus


Innate Abilities, Weirdness & Mutations

You are very small and have problems with some larger weapons.
You are too small for most types of armour.
You have supernaturally acute eyesight. (SInv)
You are a herbivore.
You cover ground extremely quickly.
You need to consume almost no food.
Your magical capacity is low. (-10% MP)


Message History

You hit Polyphemus but do no damage.
Your shadow hits Polyphemus but does no damage.
You block Polyphemus's attack. Polyphemus hits you!
You are too injured to fight recklessly!
You are too injured to fight recklessly!
Unknown command.
You hit Polyphemus but do no damage. Lightning courses through Polyphemus!
Polyphemus is lightly wounded.
You hit Polyphemus but do no damage.
Polyphemus is lightly wounded.
Your shadow hits Polyphemus but does no damage.
Polyphemus misses you. Polyphemus completely misses you.
You completely miss Polyphemus.
Polyphemus is lightly wounded.
You strike the helpless Polyphemus from behind!
You perforate Polyphemus like a sieve!!!!
Polyphemus is heavily wounded.
Your shadow hits Polyphemus but does no damage.
Polyphemus hits you!!!
You die...

≈≈≈≈≈≈≈#..÷)≈#...≈≈≈≈...
≈≈≈≈≈≈##.÷.##..≈≈≈≈≈..?
≈≈≈≈≈≈≈##'##...≈≈≈≈≈≈..
≈≈≈≈≈≈≈≈)≈≈...≈≈≈≈≈≈≈..
≈≈≈≈≈≈§§≈≈≈≈≈≈≈≈≈≈≈≈≈≈≈
≈≈≈≈≈≈§≈§§§≈≈≈≈≈≈≈≈≈≈≈≈
≈≈≈≈≈≈§≈§§§§≈≈≈≈≈≈≈≈≈≈≈
≈≈≈≈≈§≈§§§§§≈≈≈≈≈≈≈≈≈≈≈
≈≈≈≈≈≈≈@§§§§≈≈≈≈≈≈≈≈≈≈≈
≈≈≈≈≈≈C†§§§≈≈≈≈≈≈≈≈≈≈≈≈
≈≈≈≈≈≈≈≈≈≈≈≈≈≈≈≈≈≈≈≈≈≈
≈≈≈≈≈≈≈≈≈≈≈≈≈≈≈≈≈≈≈≈≈
≈≈..Y.≈≈≈≈≈≈≈≈≈≈≈≈≈≈≈
≈≈≈...Y.≈≈≈≈≈≈≈≈≈≈≈≈≈
≈≈..###.≈≈≈≈≈≈≈≈≈≈ ≈≈..
#.≈≈≈≈...


You could see Polyphemus, a death yak (wandering) and a catoblepas (wandering).

Vanquished Creatures
  Agnes (D:15)
  Ilsuiw (Shoals:2)
  An orc warlord (Orc:2)
  Louise (D:15)
  A ghost moth (Spider:4)
  A frost giant (IceCv)
  5 emperor scorpions (Spider:4)
  An entropy weaver (Spider:4)
  Azrael (D:15)
  A spark wasp (Spider:3)
  A dire elephant (Lair:6)
  5 merfolk javelineers
  Josephine (D:11)
  Harold (D:9)
  Erolcha (D:9)
  5 merfolk impalers
  5 hydras
  8 vault guards (D:14)
  An ogre mage (D:15)
  2 rakshasas (D:15)
  2 catoblepae (Lair:6)
  An alligator snapping turtle (Shoals:1)
  Erica (Lair:2)
  4 centaur warriors
  2 merfolk aquamancers
  A death knight (D:10)
  8 two-headed ogres
  The ghost of guttsta the Unseen, a journeyman SpEn of Gozag (Lair:3)
  7 death scarabs (Spider:4)
  3 tengu warriors
  2 satyrs
  13 death yaks
  Nergalle (Lair:2)
  An unseen horror (IceCv)
  9 sea snakes
  3 wolf spider zombies (Spider:4)
  13 harpies
  Pikel (D:4)
  9 orc knights
  24 wolf spiders
  5 manticores
  15 orb spiders
  A deep elf mage (D:13)
  An oklob plant (Shoals:3)
  An orc sorcerer (Orc:2)
  8 ugly things
  6 slime creatures
  3 cyclopes
  20 fauns
  A guardian serpent (shapeshifter) (D:15)
  15 elephants
  4 water nymphs
  9 merfolk sirens
  6 moths of wrath
  Maurice (D:10)
  A black mamba (Lair:6)
  7 spiny frogs
  3 torpor snails (Spider:3)
  An efreet (D:13)
  A gargoyle (D:9)
  5 rime drakes (Lair:3)
  A redback zombie (Spider:4)
  3 spectral redbacks (Spider:4)
  5 komodo dragons
  7 demonic crawlers
  A freezing wraith (D:14)
  3 trolls
  3 tengu conjurers
  29 jumping spiders
  A queen bee (D:8)
  2 spectral tarantellas (Spider:4)
  7 hornets
  5 spectral jumping spiders (Spider:4)
  8 wind drakes
  17 polar bears
  12 tyrant leeches (Spider:3)
  22 blink frogs
  3 tarantella zombies (Spider:4)
  A raiju (shapeshifter) (D:14)
  18 merfolk
  3 snapping turtles
  7 dream sheep
  Prince Ribbit (D:9)
  10 hippogriffs
  A spriggan (shapeshifter) (D:15)
  62 redbacks
  32 yaks
  7 water elementals
  Sigmund (D:3)
  39 tarantellas
  6 wraiths
  2 fire bats (Lair:5)
  A yak (shapeshifter) (D:15)
  6 fire elementals (D:15)
  5 wyverns
  3 basilisks
  A golden eye (shapeshifter) (D:15)
  A hungry ghost (D:12)
  A steam dragon (D:14)
  6 wargs
  A death yak simulacrum (Lair:3)
  14 vampire mosquitoes
  3 swamp worms (Spider:3)
  9 water moccasins
  3 spectral hornets (Spider:4)
  A hydra simulacrum (Lair:3)
  8 porcupines
  3 black bears
  A swamp drake (D:11)
  A hornet zombie (Spider:4)
  38 orc warriors
  9 ice beasts
  A sky beast (D:7)
  A necrophage (D:7)
  2 phantoms
  49 wolves
  14 ogres
  5 boggarts (D:15)
  20 centaurs
  13 crocodiles
  3 big kobolds
  Blork the orc (D:5)
  A gnoll sergeant (D:8)
  13 bullfrogs
  A wyvern skeleton (D:9)
  A water moccasin skeleton (D:5)
  6 scorpions
  14 killer bees
  3 blink frog simulacra (Lair:3)
  9 wights
  4 howler monkeys
  3 bullfrog zombies
  4 crimson imps
  4 centaur zombies
  2 komodo dragon simulacra (Lair:3)
  2 quasits
  A hippogriff simulacrum (Lair:3)
  4 jellies
  2 bullfrog skeletons
  A gnoll shaman (D:7)
  4 hounds
  14 orc priests
  4 centaur skeletons
  Terence (D:3)
  Jessica (D:3)
  23 orc wizards
  Natasha (D:3)
  2 iguanas
  12 worker ants
  6 hell rats (Lair:3)
  A killer bee zombie (D:10)
  A hound zombie (D:10)
  A worker ant zombie (D:5)
  A howler monkey skeleton (D:10)
  14 adders
  10 gnolls
  5 shadow imps
  2 oozes
  An adder zombie (D:7)
  3 adder skeletons
  2 worms (D:2)
  A dart slug (D:3)
  7 leopard geckos
  107 orcs
  10 bats
  6 giant cockroaches
  6 hobgoblins
  9 jackals
  2 quokkas
  A ball python (D:4)
  10 frilled lizards
  5 goblins
  2 goblin skeletons (D:9)
  A goblin zombie (D:9)
  2 hobgoblin zombies (D:9)
  20 kobolds
  3 kobold skeletons (D:9)
  A leopard gecko skeleton (D:4)
  3 orc skeletons (D:9)
  An orc zombie (D:9)
  A quokka skeleton (D:10)
  3 rats
1192 creatures vanquished.

Vanquished Creatures (collateral kills)
  A deep troll shaman (Lair:6)
  An orc knight (Orc:2)
  A cyclops (Orc:2)
  2 elephants (Lair:6)
  A spiny frog (Lair:6)
  An efreet (D:14)
  4 blink frogs (Lair:6)
  A spriggan (Lair:4)
  A yak (Lair:6)
  A water moccasin (Lair:4)
  A porcupine (Lair:5)
  An orc warrior (Orc:2)
  A killer bee (D:8)
  2 electric eels (Lair:5)
  3 orcs (Orc:2)
22 creatures vanquished.

Vanquished Creatures (others)
  A two-headed ogre (D:14)
  A polar bear (IceCv)
  2 yaks (IceCv)
  A killer bee (D:8)
  An orc (D:14)
  3 fungi
  15 plants
24 creatures vanquished.

Grand Total: 1238 creatures vanquished

Notes
Turn   | Place    | Note
-------+----------+-------------------------------------------
     0 | D:1      | HereIgoKillingAgain the Spriggan Assassin began the quest
                  | for the Orb.
     0 | D:1      | Reached XP level 1. HP: 10/10 MP: 2/2
   163 | D:1      | Reached skill level 6 in Stealth
   475 | D:1      | Reached XP level 2. HP: 14/14 MP: 3/3
   533 | D:1      | Reached skill level 7 in Stealth
   967 | D:2      | Reached XP level 3. HP: 18/18 MP: 4/4
  1220 | D:2      | Found a faded altar of an unknown god.
  1235 | D:2      | Found a burning altar of Makhleb.
  1281 | D:2      | Reached skill level 8 in Stealth
  1798 | D:2      | Reached XP level 4. HP: 22/22 MP: 5/5
  1963 | D:3      | Noticed a hippogriff
  1988 | D:3      | Killed a hippogriff
  1988 | D:3      | Reached skill level 10 in Stealth
  1988 | D:3      | Reached XP level 5. HP: 17/25 MP: 6/6
  2019 | D:3      | Noticed Terence
  2024 | D:3      | Killed Terence
  2024 | D:3      | Reached skill level 11 in Stealth
  2024 | D:3      | Reached XP level 6. HP: 22/30 MP: 7/7
  2843 | D:3      | Noticed Jessica
  2850 | D:3      | Killed Jessica
  3058 | D:3      | Noticed Sigmund
  3063 | D:3      | Noticed Natasha
  3173 | D:3      | Killed Natasha
  3210 | D:3      | Killed Sigmund
  3210 | D:3      | Reached XP level 7. HP: 18/33 MP: 7/9
  3895 | D:4      | Noticed lis82's ghost (novice GrFi)
  3901 | D:4      | Found a runed door.
  3908 | D:4      | Reached skill level 5 in Short Blades
  4134 | D:4      | Reached XP level 8. HP: 37/37 MP: 12/12
  4207 | D:4      | Noticed Pikel
  5095 | D:4      | Killed Pikel
  5135 | D:5      | Entered Level 5 of the Dungeon
  5196 | D:5      | Found Lygy's Food Emporium.
  5389 | D:5      | Found a staircase to the Ecumenical Temple.
  5478 | Temple   | Entered the Ecumenical Temple
  5588 | Temple   | Became a worshipper of Dithmenos the Shadowed
  5736 | D:5      | Noticed Blork the orc
  5739 | D:5      | Killed Blork the orc
  6256 | D:6      | Found an opulent altar of Gozag.
  6349 | D:6      | Reached XP level 9. HP: 38/41 MP: 15/15
  7498 | D:7      | Reached skill level 10 in Short Blades
  7501 | D:7      | Reached * piety under Dithmenos
  8060 | D:8      | Noticed a two-headed ogre
  8193 | D:8      | Noticed a queen bee
  8194 | D:8      | Killed a queen bee
  8194 | D:8      | Reached skill level 12 in Stealth
  8739 | D:8      | Reached ** piety under Dithmenos
  8830 | D:8      | Identified the +3 leather armour of Eternal Vigilance
                  | {rPois}
  8876 | D:8      | Reached XP level 10. HP: 34/47 MP: 17/17
  9041 | D:8      | Found Joazumah's General Store.
  9406 | D:8      | Found Mustira's Armour Boutique.
  9418 | D:8      | Bought a +2 buckler of cold resistance for 215 gold pieces
  9553 | D:8      | Killed a two-headed ogre
  9553 | D:8      | Reached skill level 5 in Dodging
  9553 | D:8      | Reached skill level 13 in Stealth
  9553 | D:8      | Reached skill level 1 in Shields
  9766 | D:8      | Found Ycew's Distillery.
  9771 | D:8      | Bought a potion of might for 52 gold pieces
  9771 | D:8      | Bought a potion of invisibility for 104 gold pieces
  9786 | D:8      | Found a deep blue altar of Sif Muna.
 10382 | D:9      | Noticed Harold
 10386 | D:9      | Killed Harold
 10416 | D:9      | Reached *** piety under Dithmenos
 10484 | D:9      | Found a glowing golden altar of the Shining One.
 10617 | D:9      | Noticed Prince Ribbit
 10622 | D:9      | Killed Prince Ribbit
 10735 | D:9      | Noticed a gargoyle
 10747 | D:9      | Killed a gargoyle
 10747 | D:9      | Reached skill level 14 in Stealth
 10873 | D:9      | Noticed Erolcha
 10875 | D:9      | Killed Erolcha
 11447 | D:10     | Entered Level 10 of the Dungeon
 11447 | D:10     | Noticed a two-headed ogre
 11447 | D:10     | Noticed a two-headed ogre
 11449 | D:10     | Killed a two-headed ogre
 11449 | D:10     | Reached XP level 11. HP: 53/53 MP: 18/18
 11587 | D:10     | Reached skill level 15 in Stealth
 11707 | D:10     | Noticed Maurice
 11724 | D:10     | Killed Maurice
 11889 | D:10     | Noticed a death knight
 11950 | D:10     | Killed a death knight
 12139 | D:10     | Found a staircase to the Lair.
 12214 | D:10     | Noticed a tengu warrior
 12215 | D:10     | Killed a two-headed ogre
 12215 | D:10     | Reached skill level 5 in Shields
 12219 | D:10     | Killed a tengu warrior
 12224 | D:10     | Reached skill level 16 in Stealth
 12329 | D:10     | Reached skill level 5 in Fighting
 12366 | D:10     | Found Fuhaditu's Assorted Antiques.
 12718 | D:11     | Noticed Josephine
 12865 | D:11     | Found a frozen archway.
 12875 | IceCv    | Entered an ice cave
 13339 | IceCv    | Reached XP level 12. HP: 60/60 MP: 19/19
 13358 | IceCv    | Noticed a death yak
 13358 | IceCv    | Noticed a death yak
 13449 | IceCv    | Killed a death yak
 13682 | IceCv    | Killed a death yak
 13986 | IceCv    | Reached skill level 17 in Stealth
 14272 | IceCv    | Noticed a frost giant
 14307 | IceCv    | Reached skill level 10 in Dodging
 14318 | IceCv    | Killed a frost giant
 14391 | IceCv    | Found the +8 whip "Snakebite" {curare, rPois}
 14461 | D:11     | Reached skill level 20 in Stealth
 14461 | D:11     | Reached XP level 13. HP: 65/65 MP: 20/20
 14474 | D:11     | Reached **** piety under Dithmenos
 14698 | D:11     | You fall through a shaft for 3 floors!
 14936 | D:14     | Found Tarer's Food Boutique.
 15245 | D:12     | Found Ciluda's Magic Scroll Shop.
 15248 | D:12     | Bought a scroll of blinking for 82 gold pieces
 15248 | D:12     | Bought a scroll of torment for 82 gold pieces
 15248 | D:12     | Bought a scroll of fear for 38 gold pieces
 15248 | D:12     | Bought a scroll of noise for 11 gold pieces
 15271 | D:12     | Reached ***** piety under Dithmenos
 15417 | D:12     | Reached XP level 14. HP: 53/70 MP: 21/21
 15711 | D:12     | Found a portal to a secret trove of treasure.
 15716 | D:12     | Got a twitching wooden ring
 15718 | D:12     | Identified the ring "Raen" {Wiz rN+ Str+6 Dex+3} (You found
                  | it on level 12 of the Dungeon)
 15847 | D:11     | Killed Josephine
 15900 | D:11     | Reached skill level 21 in Stealth
 16257 | D:11     | Found a staircase to the Orcish Mines.
 16333 | D:11     | Upgraded the game from 0.23-a0-636-g0ff605794f to
                  | 0.23-a0-639-ga9a3373214
 16577 | Lair:1   | Entered Level 1 of the Lair of Beasts
 17515 | Lair:2   | Noticed Erica
 17518 | Lair:2   | Killed Erica
 17680 | Lair:2   | Noticed Nergalle
 17684 | Lair:2   | Killed Nergalle
 17816 | Lair:2   | Found a hole to the Spider Nest.
 18219 | Lair:3   | Found a staircase to the Shoals.
 18513 | Lair:3   | Found a runed gate.
 18514 | Lair:3   | Found a runed gate.
 18515 | Lair:3   | Found a runed gate.
 18807 | Lair:3   | Noticed guttsta's ghost (journeyman SpEn)
 19517 | Lair:4   | Reached skill level 22 in Stealth
 20380 | Lair:5   | Found a snail-covered altar of Cheibriados.
 20733 | Lair:5   | Identified the Almanac of the Invisible People
 21089 | Lair:6   | Entered Level 6 of the Lair of Beasts
 21100 | Lair:6   | Reached skill level 23 in Stealth
 21381 | Lair:6   | Found a runed door.
 21381 | Lair:6   | Found a viscous altar of Jiyva.
 21385 | Lair:6   | Found a staircase to the Slime Pits.
 21385 | Lair:6   | Noticed an acid blob
 21646 | Lair:6   | Reached skill level 24 in Stealth
 21682 | Lair:6   | Reached XP level 15. HP: 69/75 MP: 18/23
 21917 | Lair:6   | Reached skill level 25 in Stealth
 22454 | Lair:6   | Got a pitted quarterstaff
 22472 | Lair:6   | Identified the +6 quarterstaff "Xuigoenu" {holy, Str+3}
                  | (You found it on level 6 of the Lair of Beasts)
 22809 | Orc:1    | Entered Level 1 of the Orcish Mines
 22970 | Orc:2    | Entered Level 2 of the Orcish Mines
 22970 | Orc:2    | Found a staircase to the Elven Halls.
 22970 | Orc:2    | Noticed an orc warlord
 23294 | Orc:1    | Reached ****** piety under Dithmenos
 23577 | Orc:2    | Killed an orc warlord
 23651 | Orc:2    | Found Nehelaf's Distillery.
 23657 | Orc:2    | Found Baetuyvy's Magic Scroll Shoppe.
 23669 | Orc:2    | Reached skill level 26 in Stealth
 24287 | Orc:2    | Found a roughly hewn altar of Beogh.
 24297 | Orc:2    | Found Yfups's Magic Scroll Shoppe.
 24297 | Orc:2    | Found Suim's Jewellery Boutique.
 25084 | D:13     | Found an ancient bone altar of Kikubaaqudgha.
 25408 | D:13     | Reached skill level 27 in Stealth
 25557 | D:14     | Reached skill level 10 in Evocations
 25601 | D:13     | Learned a level 6 spell: Invisibility
 25610 | D:14     | Reached skill level 1 in Spellcasting
 25610 | D:14     | Reached skill level 1 in Hexes
 26071 | Lair:3   | Killed guttsta's ghost
 26141 | Lair:3   | Got the ring of the Equinox {Fire}
 26239 | D:10     | Identified the ring of the Equinox {Fire rPois Slay+2
                  | Stlth-} (You found it on level 3 of the Lair of Beasts)
 26241 | D:10     | Identified a scroll of acquirement
 26242 | D:10     | Got a smoking quick blade
 26243 | D:10     | Identified the +2 quick blade of the Endless Expanse
                  | {pierce, *Drain +Blink rN+ Int+4} (You acquired it on level
                  | 10 of the Dungeon)
 26361 | D:14     | Found a gate to the Vaults.
 26396 | D:14     | Reached XP level 16. HP: 65/80 MP: 24/24
 26419 | D:15     | Entered Level 15 of the Dungeon
 26419 | D:15     | Noticed Agnes
 26423 | D:15     | Killed Agnes
 26574 | D:15     | Noticed Azrael
 26577 | D:15     | Killed Azrael
 26648 | D:15     | Reached skill level 5 in Spellcasting
 26648 | D:15     | Reached skill level 5 in Hexes
 26940 | D:15     | Noticed Louise
 26943 | D:15     | Killed Louise
 28386 | D:15     | Found a staircase to the Depths.
 28745 | Spider:1 | Entered Level 1 of the Spider Nest
 29985 | Spider:2 | You fall through a shaft!
 30966 | Spider:3 | Reached skill level 10 in Spellcasting
 30970 | Spider:3 | Reached skill level 10 in Hexes
 31476 | Spider:2 | Reached XP level 17. HP: 84/84 MP: 32/32
 31877 | Spider:2 | Learned a level 3 spell: Dazzling Spray
 32342 | D:8      | Bought a potion of heal wounds for 65 gold pieces
 32342 | D:8      | Bought a potion of resistance for 130 gold pieces
 32342 | D:8      | Bought a potion of curing for 39 gold pieces
 32342 | D:8      | Bought 2 potions of curing for 78 gold pieces
 32342 | D:8      | Bought a potion of agility for 52 gold pieces
 32342 | D:8      | Bought a potion of heal wounds for 65 gold pieces
 32491 | Orc:2    | Bought a potion of heal wounds for 60 gold pieces
 32711 | D:10     | Bought a scroll of identify for 50 gold pieces
 32711 | D:10     | Bought fire dragon scales for 1500 gold pieces
 32949 | Spider:4 | Entered Level 4 of the Spider Nest
 34556 | Spider:4 | Paralysed by a hornet for 1 turns
 35670 | Spider:4 | Got a gossamer rune of Zot
 35861 | Shoals:1 | Entered Level 1 of the Shoals
 36111 | Shoals:1 | Reached skill level 1 in Armour
 37280 | Shoals:2 | Reached XP level 18. HP: 82/88 MP: 30/36
 37287 | Shoals:2 | Found Fanunga's Book Boutique.
 37334 | Shoals:2 | Noticed Ilsuiw
 37342 | Shoals:2 | Killed Ilsuiw
 37455 | Shoals:2 | You fall through a shaft!
 37483 | Shoals:3 | Got a polished battleaxe
 37488 | Shoals:3 | Got an ichor-stained shortbow
 37539 | Shoals:3 | Found a hazy altar of Hepliaklqana.
 37543 | Shoals:3 | Noticed Roxanne
 37573 | Shoals:3 | Identified the cursed +1 battleaxe of Deflation {flame,
                  | Fragile MR+++ Dex+2} (You found it on level 3 of the
                  | Shoals)
 37574 | Shoals:3 | Identified the +8 shortbow of Guile {freeze, rN++} (You
                  | found it on level 3 of the Shoals)
 38160 | Shoals:3 | Gained mutation: Your magical capacity is low. (-10% MP)
                  | [mutagenic glow]
 39321 | Shoals:4 | Entered Level 4 of the Shoals
 39492 | Shoals:4 | Got a barnacled rune of Zot
 39974 | Shoals:4 | Noticed Polyphemus
 39993 | Shoals:4 | Slain by Polyphemus

Vault maps used:
D:1:      psy_arrival_statuary
D:2:      lemuel_crystal_altar, chequers_ecumenical_altar_twisty, st_stairs_4
D:3:      chequers_serial_rivers_small_3, uniq_terence, uniq_sigmund,
          uniq_jessica, uniq_natasha
D:4:      hellmonk_ghost_happy_afterlife, uniq_pikel
D:5:      minmay_temple_entry_junction, first_ration, serial_shops,
          nicolae_shop_behind_doors, uniq_blork_the_orc
D:6:      basic_altar
D:8:      serial_shops, shop, shop, kennysheep_little_box, david_nohive_1,
          led_sif_book
D:9:      nicolae_tso_besieged_by_evil, uniq_prince_ribbit1, uniq_harold,
          uniq_erolcha
D:10:     lair_entry_dummy, serial_shops, shop, minmay_mirror_moons_of_madness,
          uniq_maurice
D:11:     erik_orc_1, portal_ice_cave_entry_ice_beasts, uniq_josephine
D:12:     nicolae_trove_entry_columns, serial_shops, kennysheep_mini
D:13:     minmay_cornered_nines, spider_trap, david_defended_altar_elf
D:14:     erik_vaults_2, serial_shops, nicolae_shop_crystal, dk_noncrumbling_2,
          st_stairs_11
D:15:     gammafunk_enter_depths_forms, uniq_agnes, uniq_azrael, uniq_louise
Temple:   regret_index_temple_sigil_plot
Lair:1:   serial_bayou_pond_e
Lair:2:   wander_river, spider_nest_entry_a, lemuel_fruit_fields, uniq_erica,
          uniq_nergalle
Lair:3:   shoals_dummy_entry, gammafunk_ghost_icy, grunt_megastairs_5
Lair:4:   grunt_forest_large_clearings, minmay_lair_oklob_chamber
Lair:5:   basic_altar
Lair:6:   grunt_lair_end_beastmaster, slime_altar_2, grunt_megastairs_3
Shoals:2: serial_shops, shop, shop, shop_fountains, uniq_frances, uniq_ilsuiw
Shoals:3: lemuel_oklob_altar, uniq_roxanne
Shoals:4: shoals_end_simple, nicolae_shoals_stone_sculpture_thing,
          nicolae_shoals_this_corrosion, uniq_polyphemus
Spider:1: nicolae_spider_webbed_stairs
Spider:3: worms_lemuel
Spider:4: floodkiller_spider_rune_tomb
Orc:2:    st_orc_town, minmay_orc_keep
IceCv:    ice_cave_caverns_03

Skill      XL: |  1  2  3  4  5  6  7  8  9 10 11 12 13 14 15 16 17 18 |
---------------+-------------------------------------------------------+-----
Stealth        | 6 7 8 10 11 12 14 16 20 24 27 | 27.0
Dodging        | 2 4 7 9 10 11 12 | 12.3
Short Blades   | 4 6 9 10 | 10.3
Evocations     | 2 4 7 9 10 12 13 | 13.6
Fighting       | 2 4 5 6 7 |  7.4
Shields        | 3 5 7 8 |  8.1
Spellcasting   | 3 10 13 14 | 14.3
Hexes          | 3 10 13 14 | 14.3
Armour         | 2 4 |  4.0
Throwing       | |  2.0

Action                   |  1- 3 |  4- 6 |  7- 9 | 10-12 | 13-15 | 16-18 || total
-------------------------+-------+-------+-------+-------+-------+-------++-------
Melee: Dagger            |   135 |   102 |   502 |  1263 |  1179 |   619 ||  3800
       Whip              |       |       |       |     6 |   585 |   787 ||  1378
       Quick blade       |       |       |       |       |    12 |   139 ||   151
 Fire: Blowgun           |    18 |    35 |    59 |    57 |    13 |       ||   182
Throw: Throwing net      |       |       |       |    14 |     7 |    10 ||    31
 Cast: Invisibility      |       |       |       |       |       |    21 ||    21
Invok: Shadow Step       |       |       |       |     6 |    12 |    19 ||    37
 Abil: Evoke Flight      |       |       |       |       |       |    28 ||    28
Evoke: Wand              |       |       |    17 |    35 |    34 |    27 ||   113
       Sack of spiders   |       |       |       |       |    13 |       ||    13
       Phial of floods   |       |       |       |       |     2 |     2 ||     4
       Fan of gales      |       |       |       |       |       |     1 ||     1
       Lightning rod     |       |       |       |       |       |     4 ||     4
  Use: Potion            |       |     6 |     2 |    10 |     5 |    13 ||    36
       Scroll            |       |       |    13 |     6 |    16 |    19 ||    54
 Stab: Sleeping          |    18 |    13 |    44 |    32 |    93 |   151 ||   351
       Distracted        |       |     2 |     3 |       |    16 |    16 ||    37
       Held in net/web   |       |       |       |    12 |    11 |     3 ||    26
       Paralysed         |       |       |       |       |     3 |    10 ||    13
       Invisible         |       |       |       |       |     6 |    73 ||    79
  Eat: Ration            |       |       |     3 |     4 |     7 |    15 ||    29
Armor: Robe              |    27 |     9 |    37 |    57 |    34 |    18 ||   182
       Skin              |       |       |     5 |    34 |       |       ||    39
       Fire dragon scale |       |       |       |       |       |   132 ||   132
Dodge: Dodged            |   138 |    89 |   284 |   733 |   960 |  1341 ||  3545
Block: Buckler           |       |       |       |   418 |   682 |   833 ||  1933

Table legend:
 A = Non-vault XP
 B = Vault XP
 C = Vault XP percentage of total XP
 D = Non-vault monster count
 E = Vault monster count
 F = Vault count percentage of total count
                 A         B        C        D         E       F
            +---------+---------+-------+---------+---------+-------
      Total |  184927 |  127338 |  40.8 |     809 |     409 |  33.6
            +---------+---------+-------+---------+---------+-------
        D:1 |      32 |       0 |   0.0 |      17 |       0 |   0.0
        D:2 |      81 |       1 |   1.2 |      27 |       1 |   3.6
        D:3 |     435 |     318 |  42.2 |      33 |       4 |  10.8
        D:4 |     772 |     641 |  45.4 |      22 |       1 |   4.3
        D:5 |     354 |      94 |  21.0 |      15 |       1 |   6.2
        D:6 |     198 |       0 |   0.0 |       5 |       0 |   0.0
        D:7 |    1261 |       0 |   0.0 |      29 |       0 |   0.0
        D:8 |    2100 |    1064 |  33.6 |      42 |      14 |  25.0
        D:9 |    1273 |    2361 |  65.0 |      12 |      16 |  57.1
       D:10 |    5407 |    2032 |  27.3 |      31 |       5 |  13.9
       D:11 |     585 |    3729 |  86.4 |      15 |      31 |  67.4
       D:12 |    8383 |       0 |   0.0 |      44 |       0 |   0.0
       D:13 |    6739 |    2629 |  28.1 |      38 |       4 |   9.5
       D:14 |    9163 |    9122 |  49.9 |      33 |      12 |  26.7
       D:15 |   11146 |    9308 |  45.5 |      27 |      19 |  41.3
     Lair:1 |    1242 |       0 |   0.0 |       5 |       0 |   0.0
     Lair:2 |    2348 |    2238 |  48.8 |      11 |       4 |  26.7
     Lair:3 |    4427 |    3029 |  40.6 |      26 |      13 |  33.3
     Lair:4 |    1824 |    3920 |  68.2 |      11 |      29 |  72.5
     Lair:5 |    5262 |       0 |   0.0 |      17 |       0 |   0.0
     Lair:6 |   13995 |   13458 |  49.0 |      50 |      25 |  33.3
   Shoals:1 |   17609 |       0 |   0.0 |      36 |       0 |   0.0
   Shoals:2 |    7962 |    4416 |  35.7 |      18 |       6 |  25.0
   Shoals:3 |   15989 |     565 |   3.4 |      33 |       1 |   2.9
   Shoals:4 |    5356 |   13841 |  72.1 |      11 |      19 |  63.3
   Spider:1 |   15523 |       0 |   0.0 |      44 |       0 |   0.0
   Spider:2 |    9986 |       0 |   0.0 |      31 |       0 |   0.0
   Spider:3 |   10787 |    5763 |  34.8 |      35 |      19 |  35.2
   Spider:4 |   17802 |   28225 |  61.3 |      41 |      67 |  62.0
      Orc:1 |    3290 |       0 |   0.0 |      36 |       0 |   0.0
      Orc:2 |    3596 |    8191 |  69.5 |      14 |      71 |  83.5
      IceCv |       0 |   12393 | 100.0 |       0 |      47 | 100.0
            +---------+---------+-------+---------+---------+-------
